Map: Port Aleksander LE

Players

Probe

  • Race: Protoss Protoss
  • Spawn Location: 5:00

iGCoffeeMs (Coffee) - Winner!

  • Race: Terran Terran
  • League: Grandmaster
  • Spawn Location: 11:00

Event: 2019 WCS Winter Americas

VOD

Have the link to the VOD?

Description

Time

  • Played on: Feb. 15, 2019, 1:11 p.m.
  • Length: 6:13

All games in this series

Show
View Real Time Build Order
Export as new Build Order

Probe Protoss 

Build Orders: 1 Gate Expand, Double Forge, Blink Stalkers 

Get SALT Encoding   

  12  0:00  Probe  
  13  0:12  Probe  
  14  0:18  Pylon  
  14  0:24  Probe  
  15  0:32  Probe  
  15  0:38  Gateway  
  15  0:40  Probe  
  16  0:46  Assimilator  
  17  0:51  Probe  
  18  1:03  Probe  
  19  1:15  Probe  
  20  1:25  Nexus  
  20  1:34  Cybernetics Core  
  20  1:37  Probe  
  21  1:42  Assimilator  
  21  1:49  Probe  
  21  1:54  Pylon  
  22  2:01  Probe  
  22  2:02  Adept  
  23  2:09  Probe  
  26  2:16  Twilight Council  
  26  2:17  Probe  
  26  2:22  Warp Gate  
  27  2:28  Probe  
  28  2:34  Probe  
  28  2:36  Blink  
  28  2:40  Probe  
  28  2:41  Stalker  
  28  2:42  Probe  
  32  2:52  Probe  
  32  2:53  Probe  
  34  3:04  Probe  
  34  3:05  Probe  
  36  3:09  Robotics Facility  
  36  3:12  Probe  
  36  3:18  Pylon  
  36  3:19  Stalker  
  39  3:21  Probe  
  39  3:23  Probe  
  41  3:32  Probe  
  42  3:35  Probe  
  42  3:38  Gateway  
  42  3:39  Gateway  
  43  3:44  Probe  
  43  3:47  Probe  
  45  3:51  Pylon  
  45  3:56  Observer, Probe  
  45  3:59  Probe  
  48  4:08  Probe  
  49  4:10  Nexus  
  49  4:11  Probe  
  50  4:18  Assimilator  
  50  4:19  Stalker  
  50  4:21  Observer  
  55  4:25  Pylon  
  53  4:32  Probe x2  
  53  4:33  Stalker x2  
  53  4:35  Observer  
  59  4:42  Observer  
  59  4:44  Forge x2  
  60  4:47  Shield Battery  
  60  4:52  Stalker  
  62  4:58  Stalker x2  
  62  4:59  Probe  
  67  5:02  Probe  
  68  5:08  Shield Battery  
  68  5:11  Probe  
  69  5:18  Pylon  
  69  5:19  Pylon  
  69  5:20  Pylon  
  68  5:35  Pylon x2  
  68  5:36  Pylon  
  68  5:38  Stalker  
  68  5:42  Gateway  
  55  5:50  Gateway  
  55  5:51  Probe  
Show
View Real Time Build Order
Export as new Build Order

iGCoffeeMs Terran - Winner!

Build Orders: Gas First Reaper Expand 

Get SALT Encoding   

  12  0:00  SCV  
  13  0:13  SCV  
  14  0:18  Supply Depot  
  14  0:25  SCV  
  15  0:29  Refinery  
  15  0:39  SCV  
  16  0:45  Barracks  
  16  0:51  SCV  
  17  1:03  SCV  
  18  1:16  SCV  
  19  1:33  Reaper, Orbital Command  
  20  1:45  Command Center  
  20  1:57  Factory  
  20  2:00  SCV  
  21  2:08  Barracks Reactor  
  21  2:10  Refinery  
  21  2:12  SCV  
  22  2:18  Supply Depot  
  22  2:25  SCV  
  23  2:39  SCV  
  23  2:42  Widow Mine  
  26  2:45  Starport  
  26  2:46  Marine x2  
  28  2:52  SCV  
  29  3:01  Orbital Command  
  29  3:04  SCV  
  29  3:05  Marine x2  
  32  3:08  Factory Tech Lab  
  32  3:16  SCV  
  33  3:22  Starport Tech Lab  
  33  3:24  Marine x2  
  34  3:28  Siege Tank  
  34  3:32  SCV  
  38  3:40  Banshee  
  41  3:41  Supply Depot  
  41  3:45  Marine x2  
  41  3:46  SCV  
  44  3:48  SCV  
  45  3:58  SCV  
  46  4:03  Siege Tank, Supply Depot  
  46  4:04  Marine x2  
  46  4:08  Supply Depot  
  51  4:10  SCV  
  51  4:12  SCV  
  53  4:20  Supply Depot  
  53  4:24  Marine  
  53  4:25  Banshee, Marine  
  53  4:26  SCV  
  53  4:27  SCV  
  60  4:41  Siege Tank  
  63  4:46  SCV x2, Supply Depot  
  63  4:48  Marine x2  
  67  4:55  Supply Depot  
  67  4:58  SCV  
  67  4:59  SCV  
  69  5:07  Marine x2  
  69  5:08  Banshee  
  69  5:11  SCV x2  
  69  5:13  Supply Depot  
  74  5:20  Siege Tank  
  74  5:23  SCV x2  
  76  5:28  Bunker  
  76  5:29  Bunker  
  76  5:31  Marine  
  76  5:35  SCV x2  
  77  5:42  Marine  
  78  5:47  SCV x2  
  78  5:49  Marine  
  71  5:59  SCV x2  
Tags
 
Add a new tag
Caveats
  • Supply blocks, unpowered buildings, or Contaminate may cause inaccurate times.
  • Supply counts are checked every 10 seconds.